 Dungeon Crawl Stone Soup version 0.32-a0-17-gb74e046682 (webtiles) character file.

Game seed: 15309615285465164121

510810 ragingrage the Acrobat (level 25, -4/199 (202) HPs)
             Began as a Human Warper on Jan 13, 2024.
             Was the Champion of Cheibriados.
             Killed from afar by an ancient lich (116 damage)
             ... with a crystal spear
             ... on level 4 of the Vaults on Jan 15, 2024.
             The game lasted 01:23:59 (78328 turns).

ragingrage the Acrobat (Human Warper)              Turns: 78328, Time: 01:24:00

HP:   -4/199 (202)  AC: 34    Str: 28    XL:     25   Next: 52%
MP:   25/44         EV: 49    Int: 31    God:    Cheibriados [******]
Gold: 4216          SH: 20    Dex: 40    Spells: 22/40 levels left

rFire   + + .        a - +14 Maxwell's thermic engine {flame, freeze, rev}
rCold   + . .        d - +1 kite shield {AC+3}
rNeg    + . .        f - +2 storm dragon scales {Bai Suzhen}
rPois   .            W - +0 helmet of Nyoffah {rF+ rN+ MP+9 Dex+4}
rElec   +            P - +2 cloak
rCorr   .            j - +2 pair of gloves
SInv    .            s - +1 pair of boots {Fly}
Will    ++...        b - amulet of Goomuobb {RegenMP rF+ rC+ Will+}
Stlth   +            g - ring of the Hare {EV+10}
HPRegen 0.53/turn    Y - +4 ring of protection
MPRegen 0.69/turn

%: no passive effects
@: brilliant, corroded, flying, lightly drained, very slow
A: explore regen, wild magic 1
}: 2/15 runes: serpentine, barnacled
a: Renounce Religion, Bend Time, Temporal Distortion, Slouch, Step From Time


You were on level 4 of the Vaults.
You worshipped Cheibriados.
Cheibriados was exalted by your worship.
You visited 9 branches of the dungeon, and saw 43 of its levels.
You also visited: Trove and Desolation.

You collected 6233 gold pieces.
You spent 2017 gold pieces at shops.

Inventory:

Hand Weapons
 a - the +14 Maxwell's thermic engine (weapon) {flame, freeze, rev}
   (You took it off a naga mage on level 3 of the Snake Pit)
Missiles
 l - 2 throwing nets
 J - 11 silver javelins
Armour
 d - a +1 kite shield of protection (worn)
 f - +2 storm dragon scales (worn) {Bai Suzhen}
 j - a +2 pair of gloves (worn)
 s - a +1 pair of boots of flying (worn)
 P - a +2 cloak (worn)
 W - the +0 helmet of Nyoffah (worn) {rF+ rN+ MP+9 Dex+4}
   (You bought it in a shop on level 4 of the Shoals)

   Dex+4:     It affects your dexterity (+4).
   rF+:       It protects you from fire.
   rN+:       It protects you from negative energy.
   MP+9:      It affects your magic capacity (+9).
Jewellery
 b - the amulet of Goomuobb (around neck) {RegenMP rF+ rC+ Will+}
   (You found it in the Desolation of Salt)

   [amulet of magic regeneration]

   RegenMP:   It increases your rate of magic regeneration.
   rF+:       It protects you from fire.
   rC+:       It protects you from cold.
   Will+:     It increases your willpower.
 g - the ring of the Hare (left hand) {EV+10}
   (You took it off a goblin on level 4 of the Dungeon)

   [ring of evasion]

   EV+10:     It affects your evasion (+10).
 o - the ring "Bafoppan" {rN+ SInv}
   (You took it off a spriggan defender on level 4 of the Depths)

   [ring of see invisible]

   rN+:       It protects you from negative energy.
   SInv:      It lets you see invisible.
 D - the ring of Gegorr {*Corrode Fly Will++ Str+4}
   (You bought it in a shop on level 3 of the Elven Halls)

   [ring of flight]

   Str+4:     It affects your strength (+4).
   Will++:    It greatly increases your willpower.
   Fly:       It grants you flight.
   *Corrode:  It may corrode you when you take damage.
 M - the ring "Vuner" {rC+ rN+ Str+4 Int+6}
   (You found it in the Desolation of Salt)

   [ring of intelligence]

   Str+4:     It affects your strength (+4).
   Int+6:     It affects your intelligence (+6).
   rC+:       It protects you from cold.
   rN+:       It protects you from negative energy.
 Y - a +4 ring of protection (right hand)
Wands
 y - a wand of paralysis (59)
 K - a wand of quicksilver (25)
 Q - a wand of iceblast (37)
 R - a wand of digging (10)
 V - a wand of polymorph (19)
Scrolls
 h - 5 scrolls of fear
 k - 6 scrolls of immolation
 m - 7 scrolls of poison
 q - 15 scrolls of teleportation
 r - a scroll of enchant weapon
 t - a scroll of brand weapon
 u - 6 scrolls of revelation
 v - 8 scrolls of noise
 w - 2 scrolls of summoning
 z - 8 scrolls of vulnerability
 A - 5 scrolls of amnesia
 C - 5 scrolls of silence
 F - 6 scrolls of fog
 I - 8 scrolls of blinking
Potions
 c - 5 potions of brilliance
 e - 22 potions of curing
 i - 6 potions of magic
 B - 4 potions of attraction
 E - 4 potions of berserk rage
 G - 6 potions of enlightenment
 H - 4 potions of haste
 L - 8 potions of heal wounds
 N - a potion of invisibility
 T - 10 potions of ambrosia
 U - a potion of cancellation
 Z - 8 potions of lignification
Miscellaneous
 n - a lightning rod (4/4)
 x - a phial of floods
 O - a phantom mirror (inert)
 S - a tin of tremorstones (2/2)
 X - a box of beasts (inert)


   Skills:
 + Level 17.6 Fighting
 - Level 19.4 Long Blades
 - Level 1.0 Throwing
 + Level 16.3 Armour
 - Level 24.3 Dodging
 - Level 4.0 Stealth
 - Level 17.0 Shields
 - Level 8.0 Spellcasting
 - Level 13.0 Translocations
 - Level 7.0 Air Magic
 - Level 7.0 Earth Magic
 - Level 12.0 Invocations
 - Level 12.0 Evocations
 - Level 2.0 Shapeshifting


You had 22 spell levels left.
You knew the following spells:

 Your Spells              Type           Power      Damage    Failure   Level
a - Blink                 Tloc           100%       N/A       1%          2
b - Manifold Assault      Tloc           100%       N/A       1%          4
c - Vhi's Electric Charg  Tloc/Air       100%       N/A       4%          4
d - Passwall              Erth           83%        N/A       5%          3
e - Apportation           Tloc           100%       N/A       1%          1
f - Animate Armour        Summ/Erth      100%       N/A       47%         4

Your spell library contained the following spells:

 Spells                   Type           Power      Damage    Failure   Level
 Lesser Beckoning         Tloc           100%       N/A       1%          2
 Gell's Gravitas          Tloc           100%       N/A       1%          3
 Teleport Other           Tloc           100%       N/A       1%          3
 Swiftness                Air            83%        N/A       5%          3
 Shock                    Conj/Air       100%       1d9       7%          1
 Mercury Vapours          Alch/Air       100%       N/A       10%         2
 Cigotuvi's Dreadful Rot  Necr/Alch/Air  100%       N/A       16%         2
 Stone Arrow              Conj/Erth      100%       3d13      17%         3
 Dimensional Bullseye     Hex/Tloc       40%        N/A       17%         4
 Dispersal                Tloc           55%        N/A       19%         6
 Foxfire                  Conj/Fire      96%        2x1d8     24%         1
 Magic Dart               Conj           96%        1d7       24%         1
 Slow                     Hex            96%        N/A       24%         1
 Summon Small Mammal      Summ           96%        N/A       24%         1
 Call Imp                 Summ           48%        N/A       34%         2
 Ensorcelled Hibernation  Hex/Ice        48%        N/A       34%         2
 Jinxbite                 Hex            48%        N/A       34%         2
 Searing Ray              Conj           48%        2d6       34%         2
 Lee's Rapid Deconstruct  Erth           41%        3d20*     34%         5
 Summon Forest            Summ/Tloc      40%        N/A       41%         5
 Brom's Barrelling Bould  Conj/Erth      61%        2d8       47%         4
 Leda's Liquefaction      Alch/Erth      30%        N/A       47%         4
 Summon Lightning Spire   Summ/Air       61%        N/A       47%         4
 Call Canine Familiar     Summ           24%        N/A       54%         3
 Confusing Touch          Hex            24%        N/A       54%         3
 Dazzling Flash           Conj/Hex       48%        N/A       54%         3
 Hailstorm                Conj/Ice       24%        3d7       54%         3
 Sigil of Binding         Hex            24%        N/A       54%         3
 Summon Ice Beast         Ice/Summ       24%        N/A       54%         3
 Vampiric Draining        Necr           24%        2d7       54%         3
 Borgnjor's Vile Clutch   Necr/Erth      30%        N/A       82%         5
 Animate Dead             Necr           24%        N/A       90%         4
 Cause Fear               Hex            12%        N/A       90%         4
 Dispel Undead            Necr           24%        3d12      90%         4
 Flame Wave               Conj/Fire      24%        2d8       90%         4
 Fulminant Prism          Conj/Alch      12%        3d9       90%         4
 Ignite Poison            Fire/Alch      24%        N/A       90%         4
 Martyr's Knell           Necr/Summ      24%        N/A       90%         4
 Sticky Flame             Fire/Alch      24%        2d6       90%         4
 Summon Blazeheart Golem  Fire/Summ      24%        N/A       90%         4
 Freezing Cloud           Conj/Ice/Air   25%        6-21      92%         5
 Alistair's Intoxication  Alch           16%        N/A       99%         5
 Fireball                 Conj/Fire      12%        3d7       99%         5
 Irradiate                Conj/Alch      12%        3d15      99%         5
 Iskenderun's Battlesphe  Conj           24%        2d8       99%         5
 Bombard                  Conj/Erth      30%        9d5       100%        6
 Conjure Ball Lightning   Conj/Air       30%        3x3d10    100%        6
 Death Channel            Necr           12%        N/A       100%        6
 Eringya's Noxious Bog    Alch           12%        4d6       100%        6
 Plasma Beam              Fire/Air       30%        2x1d43    100%        6
 Starburst                Conj/Fire      12%        6d5       100%        6
 Enfeeble                 Hex            12%        N/A       100%        7
 Haunt                    Necr/Summ      12%        N/A       100%        7
 Orb of Destruction       Conj           12%        9d7       100%        7
 Disjunction              Tloc           55%        N/A       100%        8
 Ignition                 Fire           12%        3d6       100%        8
 Infestation              Necr           12%        N/A       100%        8
 Lehudib's Crystal Spear  Conj/Erth      30%        10d8      100%        8
 Summon Horrible Things   Summ           12%        N/A       100%        8
 Chain Lightning          Conj/Air       30%        3d40      100%        9
 Dragon's Call            Summ           12%        N/A       100%        9
 Polar Vortex             Ice            12%        12d1*     100%        9


Dungeon Overview and Level Annotations

Branches:
Dungeon (15/15)            Temple (1/1) D:5            Lair (5/5) D:8
 Shoals (4/4) Lair:3        Snake (4/4) Lair:3        Slime (0/5) Lair:5
    Orc (2/2) D:10            Elf (3/3) Orc:2        Vaults (5/5) D:13
  Crypt (0/3) Vaults:3     Depths (4/4) D:15            Zot (0/5) Depths:4
Desolation (visited)

Altars:
Ashenzari
Cheibriados
Dithmenos
Elyvilon
Fedhas
Gozag
Hepliaklqana
Kikubaaqudgha
Makhleb
Nemelex Xobeh
Okawaru
Qazlal
Ru
Sif Muna
Trog
Uskayaw
Vehumet
Wu Jian
Xom
Yredelemnul
Zin
The Shining One
Jiyva

Shops:
D:14 *   Orc:2 [([[   Elf:1 :   Elf:3 *   Shoals:4 [   Snake:4 :=:   Vaults:1 [
Vaults:2 =   Depths:3 *

Portals:
Hell: Depths:1 Depths:2 Depths:3 Depths:4
Abyss: Depths:2 Depths:3
Pandemonium: Depths:1 Depths:2 Depths:4
Ziggurat: Depths:1

Annotations:
D:3 1 runed translucent door, LeprechaunX's ghost, amateur OpSh
D:6 exclusions: door, electric eel and 2 more exclusions
D:8 exclusions: downstairs, tengu warrior and 1 more exclusion
D:12 1 runed translucent door, PrincessEmiBear's ghost, journeyman TrGl
Lair:5 2 runed translucent doors
Shoals:2 6 transporters
Shoals:4 Mara
Elf:2 3 runed translucent doors
Depths:1 2 transporters, Ycsaax's ghost, veteran MiBe


Innate Abilities, Weirdness & Mutations

You regain HP and MP as you explore.
Your spells are a little harder to cast, but a little more powerful.


Message History

You kill the vault guard!
Cheibriados appreciates the change of pace.
The vault guard blocks your attack.
A freezing mist starts to gather... x2 2 vault guard simulacra come into view.
You feel sick. Something completely misses you.
You block the vault guard's attack.
You hit something. You burn something. Something completely misses you.
You block the vault guard's attack.
You slash something! You burn something.
You feel sick. Something touches you. You partially resist.
You feel drained.
You block the vault guard simulacrum's attack.
You closely miss something. Something completely misses you.
You block the vault guard's attack.
You slash the vault guard simulacrum!
You melt the vault guard simulacrum.
The vault guard simulacrum vaporises!
Something barely misses you. You block the vault guard's attack.
You block the vault guard simulacrum's attack.
You slice something!! You burn something. You freeze something.
You feel sick.
You are no longer poisoned.
You hear some strange, mumbled words.
A crystal spear appears from out of thin air!
The crystal spear misses you.
The crystal spear hits the vault guard simulacrum!!!
The vault guard simulacrum vaporises!
You block the vault guard's attack.
You barely miss something.
You hear some strange, mumbled words.
Something tries to affect you, but you resist.
You block the vault guard simulacrum's attack.
You hit something. You burn something. Something touches you.
You block the vault guard's attack. You block something's attack.
You slice something!! You burn something.
You block the vault guard simulacrum's attack.
The vault guard completely misses you.
You hear some strange, mumbled words.
A crystal spear appears from out of thin air!
The crystal spear hits you!!!!
Ouch! That really hurt!
You die...

#........................#....
#.......########.........#....
#.......#......#.........#....
####.......#......'.........#....
...#.......#......#.........#....
...#.......#......#.........#....
...#.......#......#.........#....
...#.......#...)°)#.........#....
<..'.......#...○@)#.........#....
...#.......#...p{Z#.........#####
####.......#......#..............
####.......#......#.######'#.....
...#.......########.#......#.....
...#................#......#.....
...#................#......#.....
...#.....)..........#......#.....
...'................#.[....#.....


You could see a vault guard (soul bound) and a vault guard simulacrum.

Vanquished Creatures
  2 juggernauts (Depths:4)
  Boris (Depths:4)
  Xtahua (Vaults:2)
  Vv (Depths:4)
  Vashnia (Snake:2)
  Saint Roka (Orc:2)
  Margery (Vaults:2)
  3 caustic shrikes
  6 golden dragons
  4 walking crystal tomes
  A tentacled monstrosity (Depths:4)
  A hellephant (Vaults:2)
  Mlioglotl (Shoals:3)
  9 liches
  5 walking earthen tomes
  The ghost of Noblape the Bludgeoner, an adept OnBe of Trog (Snake:2)
  Asterion (Snake:2)
  3 walking divine tomes (Depths:4)
  2 deep elf master archers (Elf:3)
  A titan (Depths:3)
  3 deep elf blademasters
  A quicksilver dragon (Depths:3)
  2 walking frostbound tomes
  A kraken (Shoals:3)
  Frances (D:12)
  An ancient champion (Vaults:3)
  8 sphinxes
  3 storm dragons
  Donald (Snake:2)
  A shadow dragon (Depths:3)
  4 tengu reavers
  Aizul (Snake:1)
  7 nagarajas
  7 fire giants
  A draconian monk (Depths:4)
  8 vault wardens
  13 frost giants
  3 imperial myrmidons (Desolation)
  5 deep elf sorcerers
  5 deep elf elementalists
  An iron dragon (Depths:4)
  A reaper (Depths:3)
  A balrug (Depths:1)
  An orc warlord (Vaults:3)
  4 formless jellyfish
  21 ironbound preservers
  2 ironbound thunderhulks (Vaults:4)
  14 very ugly things
  9 spriggan defenders
  7 stone giants
  A caustic shrike skeleton (Depths:2)
  7 vampire knights
  6 deep elf death magi (Elf:3)
  5 deep elf demonologists
  16 dire elephants
  4 deep elf annihilators
  2 war gargoyles (Vaults:4)
  A minotaur (Shoals:3)
  4 spark wasps
  3 crystal guardians
  5 ettins
  Snorg (Orc:1)
  3 merfolk javelineers
  10 merfolk impalers
  12 ragged hierophants (Desolation)
  3 entropy weavers
  An entropy weaver (shapeshifter) (Elf:1)
  8 yaktaur captains
  8 deep elf high priests
  3 salamander tyrants
  12 fire dragons
  7 hydras
  6 servants of whispers (Desolation)
  5 great orbs of eyes
  14 ice dragons
  8 anacondas
  16 vault guards
  8 rakshasas
  13 peacekeepers
  An ogre mage (Vaults:3)
  5 catoblepae
  5 spriggan air magi
  5 boulder beetles
  23 centaur warriors
  29 dancing weapons
  2 merfolk avatars (Shoals:1)
  2 satyrs (Shoals:3)
  8 ironbound frosthearts
  6 alligator snapping turtles
  4 merfolk aquamancers (Shoals:4)
  2 death yaks (Lair:2)
  14 deep troll shamans
  9 shock serpents
  6 tengu warriors
  A vampire mage (Depths:2)
  7 deep troll earth magi
  17 naga warriors
  6 two-headed ogres
  8 spriggan berserkers
  19 naga sharpshooters
  An orc high priest (Orc:2)
  8 deep elf knights
  7 hell knights
  3 sun demons
  A skyshark (shapeshifter) (Depths:3)
  2 titan skeletons (Vaults:3)
  5 skeletal warriors (Vaults:3)
  A soul eater (Depths:3)
  5 flayed ghosts
  7 skysharks
  8 salamander mystics
  15 sea snakes
  6 iron trolls
  A glowing orange brain (shapeshifter) (Depths:2)
  7 mana vipers
  An orb spider (shapeshifter) (Depths:3)
  74 deep trolls
  20 ironbound convokers
  3 arcanists
  A mana viper (shapeshifter) (Depths:2)
  4 glowing orange brains
  A harpy (shapeshifter) (Elf:1)
  23 deep elf archers
  6 lindwurms
  32 deep elf pyromancers
  7 naga ritualists
  An oklob plant (Lair:1)
  2 phantasmal warriors (Depths:2)
  19 deep elf zephyrmancers
  2 orc knights (Orc:2)
  29 harpies
  2 orc sorcerers (Orc:2)
  An elf skeleton (Vaults:3)
  7 fauns (Shoals:3)
  6 necromancers
  9 cyclopes
  25 salamanders
  13 ugly things
  10 meliai
  Maurice (D:11)
  Joseph (D:9)
  2 merfolk sirens
  3 water nymphs (shapeshifter) (Depths:2)
  16 manticores
  20 elephants
  6 guardian serpents
  14 vault sentinels
  3 eyes of devastation (Depths:1)
  2 water nymphs
  38 black mambas
  2 smoke demons
  A stone giant skeleton (Vaults:3)
  A frost giant skeleton (Vaults:3)
  5 kobold blastminers (Orc:2)
  5 molten gargoyles
  20 naga magi
  A spriggan zombie (Depths:2)
  2 unseen horrors
  2 gargoyles
  17 cane toads
  A storm dragon simulacrum (Depths:2)
  11 yaktaurs
  6 rime drakes
  14 komodo dragons
  A spriggan skeleton (Depths:2)
  2 freezing wraiths
  4 tengu conjurers
  A yaktaur skeleton (Vaults:3)
  9 trolls
  26 merfolk
  2 polar bears
  3 wind drakes
  A queen bee (D:13)
  Prince Ribbit (D:7)
  71 saltlings (Desolation)
  5 blink frogs
  4 hornets
  10 dream sheep
  5 glass eyes
  16 snapping turtles
  36 slime creatures
  4 air elementals
  4 shadows (D:10)
  4 spriggans
  2 vampires (D:12)
  3 wyverns
  14 water elementals
  13 basilisks
  2 wraiths
  An ettin skeleton (Vaults:3)
  5 wargs
  40 yaks
  3 steam dragons
  3 fire elementals
  2 fire bats (Depths:3)
  7 vampire mosquitoes
  4 redbacks (Vaults:1)
  An acid dragon (D:10)
  A swamp worm (shapeshifter) (Depths:4)
  51 nagas
  9 water moccasins
  28 orc warriors
  6 hell hounds
  An ogre skeleton (Vaults:3)
  A sky beast (Snake:3)
  An elephant zombie (D:7)
  An ice beast (Snake:3)
  2 laughing skulls (D:14)
  2 black bears
  5 spriggan simulacra (Depths:2)
  9 ogres
  21 wolves
  5 boggarts (Vaults:4)
  21 centaurs
  An elf zombie (D:7)
  3 kobold brigands
  9 bullfrogs
  A gnoll sergeant (D:11)
  5 earth elementals
  3 scorpions
  3 human skeletons (Vaults:3)
  11 wights
  2 troll zombies (D:10)
  29 killer bees
  2 electric eels
  5 lava snakes (Lair:5)
  5 howler monkeys
  2 human zombies (D:7)
  4 jellies
  23 orc priests
  3 hounds
  2 sleepcaps
  A scorpion zombie (D:7)
  24 orc wizards
  An iguana (D:5)
  A killer bee zombie (D:7)
  5 ogre zombies
  4 howler monkey zombies (D:7)
  8 adders
  7 gnolls
  A white imp (D:7)
  4 adder zombies (D:7)
  A ribbon worm (D:5)
  2 dart slugs
  66 orcs
  7 ball pythons
  8 endoplasms
  3 giant cockroaches
  14 goblins
  5 hobgoblins (D:1)
  A jackal (shapeshifter) (D:13)
  2 jackals (D:1)
  4 quokkas
  6 bats
  4 frilled lizards
  2 gnoll skeletons (D:10)
  2 gnoll zombies (D:10)
  21 kobolds
  3 orc skeletons (D:10)
  12 orc zombies (D:10)
  9 rats
  3 tentacles (Shoals:3)
1940 creatures vanquished.

Vanquished Creatures (collateral kills)
  Bai Suzhen (Shoals:4)
  A storm dragon (Vaults:5)
  A deep elf elementalist (Elf:3)
  A deep elf annihilator (Elf:3)
  2 vault guards (Vaults:5)
  Grinder (D:4)
7 creatures vanquished.

Vanquished Creatures (others)
  A deep elf knight (Elf:3)
  A fire bat (Depths:3)
  A naga (Snake:4)
  2 orc wizards
  An orc (D:8)
  6 tentacles (Shoals:3)
12 creatures vanquished.

Grand Total: 1959 creatures vanquished

Notes
Turn   | Place    | Note
-------+----------+-------------------------------------------
     0 | D:1      | ragingrage the Human Warper began the quest for the Orb.
     0 | D:1      | Reached XP level 1. HP: 16/16 MP: 3/3
   114 | D:1      | Reached XP level 2. HP: 22/22 MP: 5/5
   440 | D:1      | Reached XP level 3. HP: 27/27 MP: 6/6
  1105 | D:2      | Reached XP level 4. HP: 31/33 MP: 7/7
  1625 | D:3      | Found a faded altar of an unknown god.
  1633 | D:3      | Reached XP level 5. HP: 37/39 MP: 8/8
  1823 | D:3      | Reached skill level 5 in Long Blades
  1896 | D:3      | Found a runed translucent door.
  1897 | D:3      | Noticed LeprechaunX's ghost (amateur OpSh)
  2726 | D:4      | Noticed Grinder
  2728 | D:4      | Paralysed by Grinder for 5 turns
  3040 | D:4      | Found an ornate altar of the Wu Jian Council.
  3044 | D:4      | Found a white marble altar of Elyvilon.
  3044 | D:4      | Found a sacrificial altar of Ru.
  3053 | D:4      | Found a radiant altar of Vehumet.
  3056 | D:4      | Found a burning altar of Makhleb.
  3073 | D:4      | Became a worshipper of Ru the Awakened
  3139 | D:4      | Paralysed by Grinder for 4 turns
  3154 | D:4      | Killed Grinder
  3155 | D:4      | Reached XP level 6. HP: 16/47 MP: 9/9
  3268 | D:5      | Entered Level 5 of the Dungeon
  3391 | D:5      | Reached XP level 7. HP: 44/53 MP: 10/10
  4258 | D:5      | Learned a level 2 spell: Blink
  4263 | D:5      | Learned a level 4 spell: Manifold Assault
  4268 | D:5      | Learned a level 4 spell: Vhi's Electric Charge
  4358 | D:5      | Found an opulent altar of Gozag.
  4375 | D:5      | Reached XP level 8. HP: 60/60 MP: 11/11
  4393 | D:5      | Found a staircase to the Ecumenical Temple.
  4400 | Temple   | Entered the Ecumenical Temple
  4422 | Temple   | Fell from the grace of Ru
  4422 | Temple   | Became a worshipper of Cheibriados the Contemplative
  4525 | D:5      | Found a shimmering blue altar of Sif Muna.
  4660 | D:5      | Found a glowing silver altar of Zin.
  5982 | D:7      | Reached * piety under Cheibriados
  6007 | D:7      | Found a basalt altar of Yredelemnul.
  6019 | D:7      | Noticed Prince Ribbit
  6029 | D:6      | Reached XP level 9. HP: 21/65 MP: 12/12
  6755 | D:7      | Reached skill level 10 in Long Blades
  6755 | D:7      | Reached skill level 5 in Translocations
  7077 | D:7      | Killed Prince Ribbit
  7360 | D:7      | Reached ** piety under Cheibriados
  8181 | D:8      | Reached XP level 10. HP: 51/71 MP: 13/13
  8695 | D:8      | Found a broken altar of Ashenzari.
  8802 | D:8      | Noticed a tengu warrior
  9166 | D:8      | Found a staircase to the Lair.
  9167 | D:8      | You fall into a shaft and drop 2 floors!
  9167 | D:10     | Entered Level 10 of the Dungeon
  9184 | D:10     | Found a staircase to the Orcish Mines.
  9204 | D:10     | Reached *** piety under Cheibriados
  9207 | D:10     | HP: 3/71 [something (23)]
  9212 | D:10     | Gained mutation: Your spells are a little harder to cast,
                  | but a little more powerful. [potion of mutation]
  9498 | D:10     | Killed an unseen horror
  9783 | D:9      | Noticed Joseph
  9903 | D:8      | Reached skill level 1 in Invocations
 10381 | D:9      | Noticed a two-headed ogre
 10460 | D:9      | Identified the +3 sling of Chance {heavy, rPois SInv}
 10580 | D:9      | Killed a two-headed ogre
 10944 | D:10     | Reached XP level 11. HP: 77/77 MP: 14/14
 10962 | D:10     | Reached **** piety under Cheibriados
 13925 | D:11     | Noticed a manticore
 13930 | D:11     | Killed a manticore
 14114 | Lair:1   | Entered Level 1 of the Lair of Beasts
 14359 | Lair:1   | Reached skill level 5 in Invocations
 14438 | Lair:1   | Noticed a catoblepas
 14455 | Lair:1   | Killed a catoblepas
 14614 | Lair:1   | Noticed an oklob plant
 15119 | Lair:1   | Reached ***** piety under Cheibriados
 15131 | Lair:1   | Reached skill level 3 in Dodging
 15536 | Lair:1   | Reached XP level 12. HP: 85/85 MP: 3/16
 15540 | Lair:1   | Reached skill level 5 in Fighting
 15666 | Lair:1   | Noticed a skyshark
 15888 | Lair:1   | Killed a skyshark
 16210 | Lair:2   | Reached skill level 4 in Dodging
 16217 | Lair:2   | Reached skill level 15 in Long Blades
 16962 | Lair:2   | Identified the +6 rapier of the Original Sin {pain,
                  | ^Fragile rPois rCorr}
 17093 | Lair:2   | Noticed a death yak
 17192 | Lair:2   | Noticed a six-headed hydra
 17199 | Lair:2   | Killed an eight-headed hydra
 17491 | Lair:2   | Killed a death yak
 17531 | Lair:2   | Reached skill level 5 in Dodging
 17861 | Lair:2   | Noticed a catoblepas
 17866 | Lair:2   | Killed a catoblepas
 18054 | Lair:2   | Noticed a six-headed hydra
 18062 | Lair:2   | Killed a six-headed hydra
 18280 | Lair:2   | Noticed a six-headed hydra
 18350 | Lair:2   | Killed a six-headed hydra
 18485 | Lair:2   | Noticed a six-headed hydra
 18500 | Lair:2   | Noticed a death yak
 18693 | Lair:2   | Killed a death yak
 18694 | Lair:2   | Reached skill level 6 in Dodging
 18930 | Lair:3   | Reached XP level 13. HP: 96/96 MP: 8/17
 19252 | Orc:1    | Entered Level 1 of the Orcish Mines
 19399 | Orc:2    | Entered Level 2 of the Orcish Mines
 19896 | Orc:1    | Noticed Snorg
 19914 | Orc:1    | Killed Snorg
 21847 | Orc:2    | Found a staircase to the Elven Halls.
 22078 | Orc:2    | Found Suhypli's Antique Armour Boutique.
 23830 | Orc:2    | Found Volois's Antique Armour Boutique.
 23939 | Orc:2    | Bought a pair of runed boots for 240 gold pieces
 24620 | Orc:2    | Noticed Saint Roka
 25122 | D:9      | Reached ****** piety under Cheibriados
 25487 | D:9      | Killed Joseph
 26864 | Lair:3   | Found a staircase to the Shoals.
 26867 | Lair:3   | Reached XP level 14. HP: 105/105 MP: 11/20
 27033 | Lair:3   | Reached skill level 10 in Translocations
 27117 | Lair:3   | Reached skill level 1 in Evocations
 27226 | Lair:3   | Found a staircase to the Snake Pit.
 29215 | Lair:5   | Entered Level 5 of the Lair of Beasts
 29768 | Lair:5   | Found a viscous altar of Jiyva.
 29893 | Lair:5   | Found a staircase to the Slime Pits.
 31800 | Lair:5   | Reached skill level 5 in Evocations
 32007 | Lair:5   | Found a large runed translucent door.
 32100 | Lair:5   | Found a large runed translucent door.
 33060 | D:11     | Noticed Maurice
 33063 | D:11     | Killed Maurice
 33925 | D:11     | Found a shimmering blue altar of Sif Muna.
 34009 | D:12     | Noticed Frances
 34022 | D:12     | Killed Frances
 34345 | D:12     | Reached XP level 15. HP: 110/110 MP: 16/21
 34738 | D:12     | Found a bloodstained altar of Trog.
 35000 | D:12     | Found a runed translucent door.
 35003 | D:12     | Noticed PrincessEmiBear's ghost (journeyman TrGl)
 35513 | D:13     | Found a gate to the Vaults.
 35518 | D:13     | Reached skill level 7 in Dodging
 36427 | D:13     | Identified a scroll of acquirement
 36428 | D:13     | Acquired a +5 demon blade of draining
 36562 | D:13     | Found a portal to a secret trove of treasure.
 37125 | D:14     | Found Zuaffax's Specific Store.
 37127 | D:14     | Found Gaelot's General Store.
 37135 | D:14     | Bought a phantom mirror for 520 gold pieces
 37351 | D:14     | Reached skill level 1 in Air Magic
 37867 | D:14     | Found a sparkling altar of Nemelex Xobeh.
 37994 | D:15     | Entered Level 15 of the Dungeon
 37997 | D:15     | Reached skill level 8 in Dodging
 38624 | D:15     | Found a hide-covered altar of Uskayaw.
 38867 | D:15     | Reached skill level 10 in Invocations
 38935 | D:15     | Reached skill level 9 in Dodging
 39382 | D:15     | Found a staircase to the Depths.
 39724 | D:15     | Upgraded the game from 0.32-a0-7-ge934b4519a to
                  | 0.32-a0-12-g7fc57aa741
 40005 | Shoals:1 | Entered Level 1 of the Shoals
 40363 | Shoals:1 | Reached XP level 16. HP: 117/117 MP: 2/23
 40449 | Shoals:1 | Reached skill level 10 in Dodging
 40894 | Shoals:1 | Reached skill level 5 in Air Magic
 41685 | Shoals:2 | Found a transporter.
 41733 | Shoals:2 | Found a transporter.
 41736 | Shoals:2 | Found a transporter.
 41737 | Shoals:2 | Found a transporter.
 41861 | Shoals:2 | Found a transporter.
 41861 | Shoals:2 | Found a transporter.
 41877 | Shoals:2 | Reached skill level 11 in Dodging
 43071 | Shoals:3 | Reached skill level 12 in Dodging
 43391 | Shoals:3 | Noticed Mlioglotl
 43414 | Shoals:3 | Killed Mlioglotl
 43577 | Shoals:3 | Reached skill level 13 in Dodging
 44004 | Shoals:3 | Reached skill level 1 in Shapeshifting
 44168 | Shoals:3 | Found a hide-covered altar of Uskayaw.
 44408 | Shoals:3 | Noticed a kraken
 44421 | Shoals:3 | Killed a kraken
 44422 | Shoals:3 | Reached skill level 14 in Dodging
 44654 | Shoals:3 | Identified the +5 arbalest "Vol Zor" {heavy, rC+ MP-9 Dex+3
                  | Stlth+}
 44939 | Shoals:4 | Entered Level 4 of the Shoals
 45074 | Shoals:3 | Reached skill level 15 in Dodging
 45646 | Shoals:4 | Reached XP level 17. HP: 122/122 MP: 17/26
 45806 | Shoals:4 | Reached skill level 16 in Dodging
 45931 | Shoals:4 | Got Voeruid's Tome of Hoarfrost and Phlogiston
 46372 | Shoals:4 | Identified the +2 chain mail "Nirediad" {rPois}
 46695 | Shoals:4 | Noticed Bai Suzhen
 46713 | Shoals:4 | Found Ycarra Noubi's Armour Shop.
 47492 | Shoals:4 | Got a barnacled rune of Zot
 47545 | Shoals:4 | Killed Bai Suzhen
 47546 | Shoals:4 | HP: 2/125 [Bai Suzhen (illusionary)][the player character]
                  | (50)]
 48638 | Shoals:4 | Reached skill level 10 in Fighting
 48881 | Shoals:4 | Bought the +0 helmet of Nyoffah {rF+ rN+ MP+9 Dex+4} for
                  | 800 gold pieces
 49026 | Shoals:4 | Noticed Mara
 49538 | Snake:1  | Entered Level 1 of the Snake Pit
 50035 | Snake:1  | Reached skill level 1 in Shields
 50561 | Snake:2  | Noticed Vashnia
 51039 | Snake:2  | Identified the serpent talisman of Hospitality {*Corrode
                  | *Slow rC+ Will+++ Str+5}
 51039 | Snake:2  | Noticed Aizul
 51145 | Snake:1  | Killed Aizul
 51206 | Snake:2  | Killed Vashnia
 51207 | Snake:2  | Reached XP level 18. HP: 113/140 MP: 3/27
 51387 | Snake:2  | Noticed Asterion
 51507 | Snake:2  | Killed Asterion
 51939 | Snake:2  | Reached skill level 5 in Shields
 53151 | Snake:2  | Found a runed translucent gate.
 53152 | Snake:2  | Found a runed translucent gate.
 53154 | Snake:2  | Found a runed translucent gate.
 53155 | Snake:2  | Noticed Noblape's ghost (adept OnBe)
 53770 | Snake:2  | Killed Noblape's ghost
 54301 | Orc:2    | Killed Saint Roka
 54437 | Orc:2    | Found Idiuteas's Antique Weapon Shop.
 54439 | Orc:2    | Found Cuvvent's Antique Armour Boutique.
 54808 | Snake:3  | Noticed Donald
 55151 | Snake:2  | Killed Donald
 56014 | Snake:4  | Entered Level 4 of the Snake Pit
 56712 | Snake:4  | Reached XP level 19. HP: 152/152 MP: 10/28
 57133 | Snake:4  | Found Tocarghah's Book Shop.
 57134 | Snake:4  | Found Nionet's Jewellery Emporium.
 57136 | Snake:4  | Found Zoejui's Book Shop.
 58240 | Snake:4  | Reached skill level 10 in Shields
 58352 | Snake:4  | Learned a level 3 spell: Passwall
 58457 | Snake:4  | Reached skill level 1 in Earth Magic
 58676 | Snake:4  | Got a serpentine rune of Zot
 59096 | Elf:1    | Entered Level 1 of the Elven Halls
 59213 | Elf:1    | Reached skill level 15 in Fighting
 59286 | Elf:1    | Paralysed by an air elemental for 1 turns
 59660 | Elf:1    | Found a hide-covered altar of Uskayaw.
 59774 | Elf:1    | Found Soyc's Book Boutique.
 60595 | Elf:2    | Reached XP level 20. HP: 162/162 MP: 20/29
 60776 | Elf:2    | Found a runed translucent gate.
 60777 | Elf:2    | Found a runed translucent gate.
 60777 | Elf:2    | Found a runed translucent gate.
 60810 | Elf:2    | Reached skill level 10 in Evocations
 61089 | Elf:3    | Entered Level 3 of the Elven Halls
 61367 | Elf:3    | Paralysed by an air elemental for 1 turns
 61549 | Elf:3    | Paralysed by an air elemental for 1 turns
 61635 | Elf:3    | Reached skill level 5 in Armour
 61962 | Elf:3    | Found Uhumoiga's Assorted Antiques.
 61970 | Elf:3    | Bought a glittering brass ring for 160 gold pieces
 61970 | Elf:3    | Identified the ring of Gegorr {*Corrode Fly Will++ Str+4}
                  | (You bought it in a shop on level 3 of the Elven Halls)
 61970 | Elf:3    | Bought 2 grey potions for 57 gold pieces
 62036 | Elf:3    | Reached skill level 5 in Spellcasting
 62220 | Elf:3    | Bought a pair of glowing boots for 240 gold pieces
 62279 | Elf:3    | Identified the +1 robe of the Pink Corner {Will+ Str+4
                  | Int+2}
 62279 | Elf:3    | Identified the +11 war axe of Dismemberment {drain, rPois
                  | Will+ Str+3 Int-4}
 62279 | Elf:3    | Identified the +3 leather armour of the Eye-covered God
                  | {Dex+3}
 62946 | Elf:3    | Noticed a Tzitzimitl
 63220 | Elf:3    | Identified the +10 falchion of the Horn {freeze, Str+2}
 63311 | Elf:3    | Reached skill level 5 in Earth Magic
 63998 | Elf:3    | Identified the +1 war axe of Zisot {freeze, Will+}
 64012 | Elf:3    | Got the Anthology of Incendiary Hexes
 64031 | Elf:3    | Got the Incunable of Attendants and Hurting
 64097 | Elf:3    | Got the Parchment of Momentum
 64109 | Elf:3    | Learned a level 1 spell: Apportation
 64403 | Vaults:1 | Entered Level 1 of the Vaults
 64471 | Vaults:1 | Found a crumbling gateway.
 64506 | Desolati | Entered the Desolation of Salt
 64530 | Desolati | Reached XP level 21. HP: 168/168 MP: 30/30
 64532 | Desolati | Reached skill level 17 in Dodging
 64643 | Desolati | Identified the +8 scale mail "Puann" {-Cast rElec rPois
                  | rF++}
 64682 | Desolati | Identified the +5 arbalest of the Nurturing Sybil {elec,
                  | Int+5 Dex+3}
 64685 | Desolati | Identified the +4 hand axe "Demonbane" {spect, rF+}
 64688 | Desolati | Identified the amulet of Goomuobb {RegenMP rF+ rC+ Will+}
 64784 | Desolati | Got the Directory of Generative Hoarfrost
 64796 | Desolati | Identified the +6 rapier "Cejof" {drain, Str-4 Int+3 Dex+3}
 64799 | Desolati | Identified the +4 leather armour of Vehumet's Reproof
                  | {Int+3}
 64891 | Desolati | Reached skill level 18 in Dodging
 65001 | Desolati | Identified the ring "Vuner" {rC+ rN+ Str+4 Int+6}
 65537 | Vaults:1 | Reached skill level 10 in Armour
 65882 | Vaults:1 | Reached skill level 19 in Dodging
 66338 | Vaults:1 | Found Ziweicoi's Armour Shop.
 66750 | Vaults:2 | Reached XP level 22. HP: 175/175 MP: 23/31
 66834 | Vaults:2 | Reached skill level 20 in Dodging
 66947 | Vaults:2 | Found Leecsaf's Jewellery Boutique.
 67112 | Vaults:2 | Noticed Margery
 67120 | Vaults:2 | Killed Margery
 67730 | Vaults:2 | Reached skill level 21 in Dodging
 67766 | Vaults:2 | Noticed Xtahua
 67774 | Vaults:2 | Paralysed by Xtahua for 3 turns
 67781 | Vaults:2 | Killed Xtahua
 68279 | Vaults:3 | Reached skill level 22 in Dodging
 68605 | Vaults:3 | Reached skill level 23 in Dodging
 68934 | Vaults:3 | Found a staircase to the Crypt.
 69162 | Vaults:4 | Reached skill level 24 in Dodging
 69405 | Vaults:4 | Reached XP level 23. HP: 181/181 MP: 32/32
 70094 | Vaults:4 | Noticed a golden dragon
 70100 | Vaults:4 | Killed a golden dragon
 70503 | Depths:1 | Entered Level 1 of the Depths
 70551 | Depths:1 | Noticed Ycsaax's ghost (veteran MiBe)
 70559 | Depths:1 | Noticed a juggernaut
 70568 | Depths:1 | Found a bloodstained altar of Trog.
 70884 | Depths:1 | Found a one-way gateway to a ziggurat.
 71060 | Depths:1 | Reached skill level 15 in Shields
 71212 | Depths:1 | Found a transporter.
 71254 | Depths:1 | Found a one-way gate leading to the halls of Pandemonium.
 71308 | Depths:1 | Found a gateway to Hell.
 71405 | Depths:1 | Found a transporter.
 72042 | Depths:2 | Found a one-way gate to the infinite horrors of the Abyss.
 72421 | Depths:2 | Identified the +1 robe of Watwecih {rPois Regen+ Stlth+}
 72750 | Depths:2 | Found the +7 Throatcutter {drain, coup de grace}
 72765 | Depths:2 | Identified the +3 dagger of the Iron City of Dis {venom,
                  | *Rage MP+9 Str+3 Int+2}
 73433 | Depths:3 | Reached XP level 24. HP: 188/188 MP: 25/32
 73539 | Depths:3 | Found Kogob's General Store.
 73560 | Depths:3 | Noticed a caustic shrike
 73561 | Depths:3 | Noticed a caustic shrike
 73562 | Depths:3 | Killed a caustic shrike
 73564 | Depths:3 | Killed a caustic shrike
 74269 | Depths:3 | Got the Tome of Voltage
 74277 | Depths:3 | Got the Compendium of the Fuming Inferno
 74284 | Depths:3 | Identified the +6 chain mail of Bad Feelings {Dex+3}
 74858 | Depths:4 | Entered Level 4 of the Depths
 74937 | Depths:4 | Noticed Boris
 74950 | Depths:4 | Killed Boris
 75100 | Depths:4 | Upgraded the game from 0.32-a0-12-g7fc57aa741 to
                  | 0.32-a0-17-gb74e046682
 75501 | Depths:4 | Found a gate to the Realm of Zot.
 75564 | Depths:4 | Found a glowing golden altar of the Shining One.
 75565 | Depths:4 | Found a glowing golden altar of the Shining One.
 75571 | Depths:4 | Found a basalt altar of Yredelemnul.
 75829 | Depths:4 | Noticed a juggernaut
 75839 | Depths:4 | Killed a juggernaut
 75840 | Depths:4 | Reached skill level 15 in Armour
 75840 | Depths:4 | Reached XP level 25. HP: 186/198 MP: 15/35
 75969 | Depths:4 | Noticed a juggernaut
 75977 | Depths:4 | Killed a juggernaut
 76148 | Depths:4 | Identified the ring "Bafoppan" {rN+ SInv}
 76215 | Depths:4 | Identified the +2 cloak of Untruth {rF+++ Str+4 Int-2
                  | Stlth-}
 76331 | Depths:4 | Noticed Vv
 76347 | Depths:4 | Killed Vv
 76421 | Depths:4 | Learned a level 4 spell: Animate Armour
 77992 | D:13     | You paid a toll of +3 gold dragon scales to enter a
                  | treasure trove
 77993 | Trove    | Entered a treasure trove
 78024 | Trove    | Identified the amulet "Pediler" {Spirit ^Fragile rPois
                  | rF+++ Slay+4}
 78026 | Trove    | Identified the amulet of Qoenunetze {Spirit Rampage Will+}
 78030 | Trove    | Identified the amulet of Xom's Recklessness {Acrobat Harm
                  | *Corrode +Blink Will-}
 78299 | Vaults:5 | Entered Level 5 of the Vaults
 78299 | Vaults:5 | Noticed an ancient lich
 78310 | Vaults:5 | Noticed an ancient lich
 78328 | Vaults:4 | Killed from afar by an ancient lich

Illustrated notes

Levels and vault maps discovered:
D:1:      minmay_arrival_four_houses, layout_basic,
          chequers_serial_rivers_large_b, minmay_tetromino_i2
D:2:      layout_rooms, nicolae_half_adder
D:3:      layout_basic, ebering_ghost_inner_flame,
          chequers_ecumenical_altar_simple, kennysheep_another_room
D:4:      layout_gridville, minmay_overflow_temple_star_hex,
          nicolae_twisty_statue_hallways, uniq_grinder
D:5:      layout_basic, zin_treasury, mainiacjoe_overflow_catch_the_wave,
          minmay_temple_entry_slanted
D:6:      layout_gridville, corexii_corridor_pit,
          serial_library_regret_index_split_case, minivault_14,
          chequers_serial_rivers_micro_b
D:7:      layout_rooms, chequers_serial_rivers_room_a,
          roadster_capsule_ark_zombie, uniq_prince_ribbit1
D:8:      minmay_blocky_corners, layout_basic, nicolae_ashenzari_panopticon,
          david_lair_shrubbed, water_maze_lemuel
D:9:      layout_cross, uniq_joseph
D:10:     layout_roguey, zombieorc1_lemuel, chequers_serial_rivers_micro_a,
          chequers_serial_rivers_micro_c, minivault_25_ag, minmay_rotating_lava
D:11:     layout_cave_pods, nicolae_sif_muna_little_library, uniq_maurice
D:12:     layout_loops_ring, hellmonk_ghost_happy_afterlife,
          trog_three_pillars_becter, uniq_frances
D:13:     layout_roguey [special_room_bee], david_vaults_1,
          nicolae_trove_entry_diagonal
D:14:     layout_stronghold, nemelex_lonely_heart_becter, nicolae_specific_store
D:15:     grunt_enter_depths_hoard, layout_loops_ring,
          nicolae_uskayaw_murder_on_the_dancefloor, hangedman_cracks_in_the_wall
Temple:   nicolae_temple_figure_eight
Lair:1:   layout_roguey, lemuel_fruit_tree
Lair:2:   nzn_winding_woodlands_cross [nzn_winding_woodlands_5x15_cabin,
          nzn_winding_woodlands_5x15_twine, nzn_winding_woodlands_5x15_crooked,
          nzn_winding_woodlands_5x15_concentric,
          nzn_winding_woodlands_15x15_thick_spiral], layout_cave_pods
Lair:3:   layout_cave_pods, minmay_shoals_entry_beasts,
          guppyfry_snake_entry_island, grunt_megastairs_5, serial_bayou_shore_a
Lair:4:   wander_river, layout_small_grid, kennysheep_basilisk_garden
Lair:5:   cheibrodos_lair_end_hotspot, layout_layer_cave,
          nicolae_slime_entry_slimehenge, chequers_serial_rivers_micro_e
Shoals:1: layout_shoals
Shoals:2: layout_shoals, serial_nicolae_subway, nicolae_sub_station_crystal,
          nicolae_sub_station_stone, nicolae_sub_station_metal
Shoals:3: layout_shoals, regret_index_shoals_crete, uniq_mlioglotl
Shoals:4: shoals_end_grunt_ice, layout_shoals, serial_shops, shop,
          argonaut_gorgonesque, uniq_mara, uniq_bai_suzhen
Snake:1:  layout_misc_corridors
Snake:2:  layout_layer_cave, ebering_ghost_rock_garden, grunt_megastairs_2,
          uniq_aizul, uniq_asterion, uniq_vashnia
Snake:3:  hangedman_cross_stitches, layout_cave_shapes, uniq_donald
Snake:4:  minmay_snake_end_coiled, layout_cave_town, minmay_shop_grove
Orc:1:    layout_diamond_mine, uniq_snorg
Orc:2:    grunt_orc_community_town_hall, layout_diamond_mine,
          grunt_orc_community_big_house_2, grunt_orc_community_big_house_1,
          grunt_orc_community_house_1, grunt_orc_community_house_1,
          grunt_orc_community_house_1, grunt_orc_community_house_1,
          grunt_orc_community_house_2, grunt_orc_community_house_1
Elf:1:    eino_elf_arrival_shootout, layout_geoelf_grid, serial_shops, shop,
          minivault_28, nicolae_elf_altarnating, hangedman_decor_cross_pass
Elf:2:    nicolae_elf_blades_crystal_corner, layout_geoelf_octagon
Elf:3:    minmay_elf_hall_not_hex, layout_onion_city, serial_shops, shop,
          feat_on_display, grunt_megastairs_4
Vaults:1: portal_desolation_entry_nicolae_slug, v_pattern_4,
          vaults_room_corners, vaults_room_grunt_arrival_ludios,
          nicolae_vaults_taking_the_gang_shopping, v_misc_18,
          nicolae_vaults_turnstiles, ontoclasm_vaults_tryst,
          vaults_room_large_hall, ontoclasm_vaults_fault, layout_vaults_ring
Vaults:2: grunt_vaults_hallway_long, hangedman_vaults_pinch, v_misc_2,
          vaults_room_fours, nicolae_vaults_offset_grid_hallway_2, v_misc_10,
          nicolae_vaults_rhombus_6, hangedman_vaults_slither,
          ontoclasm_vaults_hangar, nicolae_vaults_storage_closets_2,
          nicolae_vaults_little_guard_posts, nicolae_vaults_diamond_2,
          v_alt_pattern_4, ontoclasm_vaults_decontamination,
          vaults_room_large_hall, ontoclasm_vaults_shuriken,
          layout_vaults_omnibox, serial_shops, shop, uniq_xtahua, uniq_margery
Vaults:3: nicolae_vaults_yaktaur_gun_rack, v_misc_31,
          minmay_crypt_entry_skeletal_spiral, nicolae_vaults_more_shelving_1,
          hangedman_vaults_river_flow, nicolae_vaults_shrinking_rooms_1,
          grunt_vaults_funnel, nicolae_vaults_cochlea, vaults_dpeg_cross,
          nicolae_vaults_storage_room_statues, nicolae_vaults_ring_of_whatevers,
          layout_vaults_maze_bifur
Vaults:4: ontoclasm_vaults_claustrophobia, nicolae_vaults_sightless_eye,
          vaults_mumra_minichess_inversion, v_misc_32,
          nicolae_vaults_mini_display_case, layout_vaults_big_room
Vaults:5
Depths:1: layout_gridlike, enter_ziggurat_d, lightli_too_deep, pan_entry,
          gammafunk_ghost_wrathful_warriors, hex_medium, grunt_decor_fettered,
          minmay_misc_feat_more_columns, lemuel_another_geyser
Depths:2: regret_index_reflect_refract, layout_basic, pan_entry, abyss_entry,
          serial_bayou_pond_b, hangedman_geh_valley
Depths:3: minmay_heptahexagon, layout_gridlike, hellmouth_1, abyss_entry,
          serial_shops, nicolae_shop_waterfront, uniq_jory
Depths:4: hangedman_slaughterboxes, hell_entry, pan_entry, uniq_boris, uniq_vv

Skill      XL: |  1  2  3  4  5  6  7  8  9 10 11 12 13 14 15 16 17 18 19 20 21 22 23 24 25 |
---------------+----------------------------------------------------------------------------+-----
Long Blades    | 3 4 5 6 7 9 11 13 14 16 17 18 19 | 19.4
Fighting       | 3 4 7 8 11 14 15 16 17 | 17.6
Stealth        | 2 4 |  4.0
Translocations | 4 6 8 9 10 11 12 13 | 13.0
Invocations    | 3 5 6 7 8 10 12 | 12.0
Dodging        | 3 6 9 15 16 19 24 | 24.3
Armour         | 3 4 7 11 13 15 16 | 16.3
Spellcasting   | 4 6 8 |  8.0
Evocations     | 5 9 11 12 | 12.0
Air Magic      | 4 5 6 7 |  7.0
Shapeshifting  | 2 |  2.0
Shields        | 3 9 11 12 14 16 17 | 17.0
Earth Magic    | 4 6 7 |  7.0
Throwing       | |  1.0

Action                     |  1- 3 |  4- 6 |  7- 9 | 10-12 | 13-15 | 16-18 | 19-21 | 22-24 | 25-27 || total
---------------------------+-------+-------+-------+-------+-------+-------+-------+-------+-------++-------
  Melee: Falchion          |   129 |   140 |   130 |       |       |       |       |       |       ||   399
         Punch             |       |     1 |     1 |       |       |       |       |       |       ||     2
         Great sword       |       |       |   217 |   546 |  1060 |   760 |       |       |       ||  2583
         Dagger            |       |       |       |    11 |       |       |       |       |       ||    11
         Demon blade       |       |       |       |       |    88 |   664 |       |       |       ||   752
         Double sword      |       |       |       |       |       |   136 |  1265 |  1475 |   315 ||  3191
   Fire: Shortbow          |       |       |     5 |       |       |       |       |       |       ||     5
         Orcbow            |       |       |     3 |       |       |       |       |       |       ||     3
         Sling             |       |       |     5 |       |       |       |       |       |       ||     5
  Throw: Javelin           |       |       |    26 |       |     1 |       |     1 |       |       ||    28
         Dart              |       |       |    15 |    11 |     2 |     2 |       |       |       ||    30
         Throwing net      |       |       |       |       |       |     1 |       |       |       ||     1
   Cast: Manifold Assault  |       |       |       |   110 |   428 |   547 |   385 |   462 |   110 ||  2042
         Blink             |       |       |       |       |     2 |     2 |       |       |       ||     4
         Passwall          |       |       |       |       |       |       |     1 |       |       ||     1
 Invoke: Slouch            |       |       |       |     5 |     2 |     3 |       |     9 |       ||    19
         Step From Time    |       |       |       |       |       |     1 |       |       |       ||     1
  Evoke: Wand              |       |       |     5 |     5 |    11 |     7 |     5 |     2 |       ||    35
         Phantom mirror    |       |       |       |       |       |     2 |       |       |     1 ||     3
         Box of beasts     |       |       |       |       |       |       |     1 |       |     1 ||     2
         Tin of tremorston |       |       |       |       |       |       |       |     2 |       ||     2
    Use: Scroll            |       |     9 |     1 |     6 |    11 |     6 |     3 |       |     3 ||    39
         Potion            |       |     1 |       |     7 |     2 |     4 |       |     2 |     1 ||    17
   Stab: Sleeping          |       |       |     1 |     6 |     5 |     4 |     1 |       |       ||    17
         Paralysed         |       |       |       |     3 |     7 |     8 |       |       |       ||    18
         Petrified         |       |       |       |       |     1 |       |       |       |       ||     1
         Distracted        |       |       |       |       |       |     5 |     3 |     1 |     1 ||    10
         Held in net/web   |       |       |       |       |       |     3 |       |       |       ||     3
         Invisible         |       |       |       |       |       |       |       |     1 |       ||     1
 Armour: Leather armour    |    39 |    21 |   135 |       |       |       |       |       |       ||   195
         Ring mail         |    37 |    65 |    43 |   169 |   291 |   183 |    15 |       |       ||   803
         Scale mail        |       |       |       |       |       |    21 |    16 |       |       ||    37
         Storm dragon scal |       |       |       |       |       |       |   139 |   160 |    39 ||   338
  Dodge: Dodged            |    94 |    84 |   404 |   399 |   783 |   942 |   452 |   684 |   117 ||  3959
  Block: Kite shield       |       |       |       |       |       |   209 |   700 |   715 |   116 ||  1740
         Reflection        |       |       |       |       |       |    10 |    94 |       |       ||   104
         Form:             |       |       |       |       |       |     1 |     1 |       |       ||     2
         Statue            |       |       |       |       |       |     1 |     1 |       |       ||     2

Table legend: (Time is in decaauts)
 A = Elapsed time spent in this place.
 B = Non-inter-level travel time spent in this place.
 C = Inter-level travel time spent in this place.
 D = Time resting spent in this place.
 E = Time spent auto-exploring this place.
 F = Levels seen in this place.
 G = Mean time per level.
                   A        B        C        D        E       F      G
               +--------+--------+--------+--------+--------+-----+--------+
         Total | 105845 |  95409 |  10436 |  24300 |  57402 |  45 | 2352.1 |
       Dungeon |  30235 |  25866 |   4369 |   7428 |  14530 |  15 | 2015.7 |
        Temple |     47 |      1 |     46 |      0 |      0 |   1 |   47.0 |
          Lair |  17140 |  15232 |   1908 |   4238 |   9539 |   5 | 3428.0 |
        Shoals |  11860 |  11459 |    401 |   3479 |   6576 |   4 | 2965.0 |
     Snake Pit |  11656 |  11004 |    652 |   2780 |   6731 |   4 | 2914.0 |
  Orcish Mines |   7885 |   7037 |    848 |   3188 |   2535 |   2 | 3942.5 |
   Elven Halls |   7358 |   6793 |    565 |   1527 |   4186 |   3 | 2452.7 |
        Vaults |   8193 |   7448 |    745 |    270 |   6093 |   5 | 1638.6 |
        Depths |   9814 |   8913 |    901 |   1388 |   6198 |   4 | 2453.5 |
         Trove |    187 |    187 |      0 |      0 |    114 |   1 |  187.0 |
    Desolation |   1465 |   1465 |      0 |      0 |    898 |   1 | 1465.0 |
               +--------+--------+--------+--------+--------+-----+--------+

Top non-repeatable levels by time:
   Orc:2: 6270 daAuts
    D:10: 4831 daAuts
 Snake:2: 4811 daAuts
  Lair:5: 4785 daAuts
  Lair:2: 4659 daAuts
Shoals:4: 4293 daAuts
   Elf:3: 4171 daAuts
     D:8: 3684 daAuts
Shoals:3: 3643 daAuts
 Snake:4: 3277 daAuts
Depths:4: 3209 daAuts
  Lair:1: 2900 daAuts
  Lair:3: 2883 daAuts
    D:13: 2701 daAuts
    D:15: 2444 daAuts
